 Dungeon Crawl Stone Soup version 0.30.0-18-gc0e69614cb (webtiles) character file.

Game seed: 4489643101525633491

199 Sabo the Chopper (level 5, -2/39 HPs)
             Began as a Demonspawn Gladiator on May 23, 2023.
             Slain by Duvessa
             ... wielding a +0 short sword
              (8 damage)
             ... on level 4 of the Dungeon.
             The game lasted 00:16:36 (3189 turns).

Sabo the Chopper (Demonspawn Gladiator)             Turns: 3189, Time: 00:16:37

Health: -2/39      AC:  9    Str: 17    XL:     5   Next: 48%
Magic:  14/14      EV: 12    Int: 15    God:
Gold:   135        SH:  0    Dex: 14    Spells: 4/4 levels left

rFire   . . .        a - +0 war axe
rCold   + + +        (no shield)
rNeg    . . .        l - +1 ring mail "Zunt" {Contam rC+++ rCorr MP+9}
rPois   .            (helmet restricted)
rElec   .            (no cloak)
rCorr   +            (no gloves)
SInv    .            h - +0 pair of boots
Will    .....        (no amulet)
Stlth   +            c - ring of flight
HPRegen 0.26/turn    p - +6 ring of intelligence
MPRegen 0.14/turn

%: no passive effects
@: flying
A: antennae 1, icy blue scales 1, spiny 2
a: no special abilities


You were on level 4 of the Dungeon.
You visited 1 branch of the dungeon, and saw 4 of its levels.

You collected 179 gold pieces.
You spent 44 gold pieces at shops.

Inventory:

Hand Weapons
 a - a +0 war axe (weapon)
 t - a +4 dagger of protection
 w - a +0 sling
Missiles
 d - 4 throwing nets (quivered)
 e - a javelin
 r - 2 datura-tipped darts
Armour
 h - a +0 pair of boots (worn)
 l - the +1 ring mail "Zunt" (worn) {Contam rC+++ rCorr MP+9}
   (You found it on level 2 of the Dungeon)

   rC:        It renders you almost immune to cold.
   MP:        It affects your magic capacity (+9).
   Contam:    It causes magical contamination when unequipped.
   rCorr:     It protects you from acid and corrosion.
Jewellery
 c - a ring of flight (left hand)
 p - a +6 ring of intelligence (right hand)
Scrolls
 f - a scroll of fog
 i - a scroll of enchant weapon
 o - 2 scrolls of magic mapping
 v - a scroll of teleportation
Potions
 b - a potion of berserk rage {unknown}
 g - 3 potions of might {unknown}
 j - 3 potions of lignification {unknown}
 k - 3 potions of degeneration {unknown}
 m - a potion of curing {unknown}
 n - 2 potions of haste
 q - a potion of mutation {unknown}
 s - a potion of cancellation {unknown}
 u - a potion of ambrosia {unknown}
 x - a potion of flight {unknown}


   Skills:
 + Level 2.4 Fighting
 + Level 4.7 Axes
 + Level 1.9 Throwing
 + Level 1.4 Armour
 + Level 3.3 Dodging
 + Level 0.4 Stealth


You had 4 spell levels left.
You didn't know any spells.
Your spell library was empty.

Dungeon Overview and Level Annotations

Branches:
Dungeon (4/15)
 Temple: D:4-7

Altars:
Kikubaaqudgha

Shops:
D:2 ?

Annotations:
D:4 Duvessa


Innate Abilities, Weirdness & Mutations

You have a pair of small antennae on your head.
You are partially covered in icy blue scales. (AC +2)
You are mostly covered in sharp spines.


Message History

You closely miss Dowan. Duvessa hits you but does no damage.
Dowan points at you and mumbles some strange words.
The puff of frost misses you.
You barely miss Duvessa.
Duvessa is heavily wounded.
You barely miss Dowan. Duvessa hits you with a +0 short sword.
Dowan hits you but does no damage.
You slash Duvessa!
Duvessa is severely wounded.
You hit Dowan.
Duvessa says, "My weaknesses are his strengths!"
Duvessa is struck by your spines. Duvessa misses you.
Dowan points at Duvessa and mumbles some strange words.
Duvessa seems to speed up.
You barely miss Duvessa.
Duvessa is severely wounded.
You hit Dowan.
You kill Dowan!
Duvessa screams, "No!
How DARE you!"
Duvessa goes berserk!
Duvessa hits you but does no damage. x2
The phantom hits you.
The phantom blinks!
You blink. 3 orcs and a ball python come into view.
An orc is wielding a +1 heavy war axe.
The phantom attacks as you move away! The phantom is struck by your spines.
The phantom barely misses you.
The orc shouts! x2; The ball python hisses angrily.
Duvessa rages.
Duvessa hits you with a +0 short sword!
You hit Duvessa but do no damage.
Duvessa is severely wounded.
You hit the phantom. Duvessa is struck by your spines.
Duvessa hits you with a +0 short sword!
* * * LOW HITPOINT WARNING * * *
Duvessa closely misses you. The phantom is struck by your spines.
The phantom barely misses you.
You closely miss Duvessa.
Duvessa is severely wounded.
You hit the phantom. Duvessa hits you but does no damage.
The phantom misses you. Duvessa hits you with a +0 short sword!
You die...

...... ...o..#
....... .......
.......
....oS.### ###
#........###
....
#....oW@e####
#..
######(.....##.#
##...)....#
###.......##
#..........##
#...........##
##...........#
##..........##
###.........#


You could see Duvessa (berserk, fast), a phantom, 2 orcs and a ball python.

Vanquished Creatures
  Dowan (D:4)
  An orc wizard (D:4)
  2 adders
  A worm (D:3)
  5 dart slugs
  4 orcs
  2 bat zombies (D:3)
  7 endoplasms
  4 giant cockroaches
  5 goblins
  5 hobgoblins
  7 jackals
  6 kobolds
  3 quokkas
  9 ball pythons
  9 bats
  5 frilled lizards
  9 rats
85 creatures vanquished.

Notes
Turn   | Place    | Note
-------+----------+-------------------------------------------
     0 | D:1      | Sabo the Demonspawn Gladiator began the quest for the Orb.
     0 | D:1      | Reached XP level 1. HP: 16/16 MP: 1/1
   144 | D:1      | Reached skill level 3 in Axes
   144 | D:1      | Gained mutation: You are partially covered in sharp spines.
                  | [demonic ancestry]
   144 | D:1      | Reached XP level 2. HP: 22/22 MP: 2/2
   508 | D:1      | Gained mutation: You have a pair of small antennae on your
                  | head. [demonic ancestry]
   508 | D:1      | Reached XP level 3. HP: 26/27 MP: 3/3
  1079 | D:2      | Identified the +1 ring mail "Zunt" {Contam rC+++ rCorr
                  | MP+9}
  1466 | D:2      | Found Hialezi's Magic Scroll Shop.
  1493 | D:2      | Bought a scroll of identify for 22 gold pieces
  1523 | D:2      | Bought a scroll of identify for 22 gold pieces
  2301 | D:3      | Gained mutation: You are mostly covered in sharp spines.
                  | [demonic ancestry]
  2301 | D:3      | Reached XP level 4. HP: 32/33 MP: 4/4
  2519 | D:3      | Reached skill level 4 in Axes
  2617 | D:3      | Found an ancient bone altar of Kikubaaqudgha.
  3031 | D:4      | Reached skill level 1 in Armour
  3060 | D:4      | Gained mutation: You are partially covered in icy blue
                  | scales. (AC +2) [demonic ancestry]
  3060 | D:4      | Reached XP level 5. HP: 27/38 MP: 5/5
  3170 | D:4      | Noticed Dowan
  3172 | D:4      | Noticed Duvessa
  3176 | D:4      | Noticed a phantom
  3185 | D:4      | Killed Dowan
  3189 | D:4      | Slain by Duvessa

Illustrated notes

Levels and vault maps discovered:
D:1:      shiori_arrival_maze, layout_loops_ring
D:2:      layout_basic, serial_shops, shop_scrolls, serial_aquarium,
          aquarium_bridge_square [aquarium_subvault_wall,
          aquarium_subvault_wall, aquarium_subvault_window,
          aquarium_subvault_bridge], aquarium_window_corridor_1,
          aquarium_window_1, aquarium_window_corner, aquarium_view_2a,
          grunt_decor_cap
D:3:      layout_basic, lemuel_zombie_altar_kikubaaqudgha, minmay_distorted
D:4:      layout_cave_pods, uniq_duvessa

Skill      XL: |  1  2  3  4 |
---------------+-------------+-----
Axes           | 3 4 |  4.7
Dodging        | 3 |  3.3
Armour         | 1 |  1.4
Fighting       | |  2.4
Throwing       | |  1.9
Stealth        | |  0.4

Action                     |  1- 3 |  4- 6 || total
---------------------------+-------+-------++-------
  Melee: War axe           |    83 |    57 ||   140
         Punch             |     2 |       ||     2
  Throw: Throwing net      |       |     1 ||     1
    Use: Scroll            |     4 |     2 ||     6
   Stab: Sleeping          |     1 |       ||     1
 Armour: Leather armour    |    14 |       ||    14
         Ring mail         |     8 |    30 ||    38
         Chain mail        |     8 |       ||     8
  Dodge: Dodged            |    49 |    24 ||    73
